%YAML 1.1
%TAG !u! tag:unity3d.com,2011:
--- !u!1 &1798474388334819932
GameObject:
  m_ObjectHideFlags: 0
  m_CorrespondingSourceObject: {fileID: 0}
  m_PrefabInstance: {fileID: 0}
  m_PrefabAsset: {fileID: 0}
  serializedVersion: 6
  m_Component:
  - component: {fileID: 6722188625148685573}
  - component: {fileID: 7519316565009705630}
  - component: {fileID: 2760109054521192902}
  - component: {fileID: 2250050719882303894}
  - component: {fileID: -1212365857124265013}
  - component: {fileID: 2902343949361002550}
  m_Layer: 8
  m_Name: PF_EnemyShooter
  m_TagString: Untagged
  m_Icon: {fileID: 0}
  m_NavMeshLayer: 0
  m_StaticEditorFlags: 0
  m_IsActive: 1
--- !u!4 &6722188625148685573
Transform:
  m_ObjectHideFlags: 0
  m_CorrespondingSourceObject: {fileID: 0}
  m_PrefabInstance: {fileID: 0}
  m_PrefabAsset: {fileID: 0}
  m_GameObject: {fileID: 1798474388334819932}
  m_LocalRotation: {x: 0, y: 0, z: 0, w: 1}
  m_LocalPosition: {x: 5.34, y: 1.14, z: 1.2}
  m_LocalScale: {x: 2, y: 2, z: 2}
  m_Children:
  - {fileID: 7969286874473822941}
  - {fileID: 8851707464412790902}
  - {fileID: 4443018962629555387}
  m_Father: {fileID: 0}
  m_RootOrder: 0
  m_LocalEulerAnglesHint: {x: 0, y: 0, z: 0}
--- !u!33 &7519316565009705630
MeshFilter:
  m_ObjectHideFlags: 0
  m_CorrespondingSourceObject: {fileID: 0}
  m_PrefabInstance: {fileID: 0}
  m_PrefabAsset: {fileID: 0}
  m_GameObject: {fileID: 1798474388334819932}
  m_Mesh: {fileID: 0}
--- !u!23 &2760109054521192902
MeshRenderer:
  m_ObjectHideFlags: 0
  m_CorrespondingSourceObject: {fileID: 0}
  m_PrefabInstance: {fileID: 0}
  m_PrefabAsset: {fileID: 0}
  m_GameObject: {fileID: 1798474388334819932}
  m_Enabled: 1
  m_CastShadows: 1
  m_ReceiveShadows: 1
  m_DynamicOccludee: 1
  m_MotionVectors: 1
  m_LightProbeUsage: 1
  m_ReflectionProbeUsage: 1
  m_RenderingLayerMask: 1
  m_RendererPriority: 0
  m_Materials:
  - {fileID: 2100000, guid: 57c7d9ae2fc4cd94b8f66601f99eb8fa, type: 2}
  m_StaticBatchInfo:
    firstSubMesh: 0
    subMeshCount: 0
  m_StaticBatchRoot: {fileID: 0}
  m_ProbeAnchor: {fileID: 0}
  m_LightProbeVolumeOverride: {fileID: 0}
  m_ScaleInLightmap: 1
  m_ReceiveGI: 1
  m_PreserveUVs: 0
  m_IgnoreNormalsForChartDetection: 0
  m_ImportantGI: 0
  m_StitchLightmapSeams: 1
  m_SelectedEditorRenderState: 3
  m_MinimumChartSize: 4
  m_AutoUVMaxDistance: 0.5
  m_AutoUVMaxAngle: 89
  m_LightmapParameters: {fileID: 0}
  m_SortingLayerID: 0
  m_SortingLayer: 0
  m_SortingOrder: 0
--- !u!136 &2250050719882303894
CapsuleCollider:
  m_ObjectHideFlags: 0
  m_CorrespondingSourceObject: {fileID: 0}
  m_PrefabInstance: {fileID: 0}
  m_PrefabAsset: {fileID: 0}
  m_GameObject: {fileID: 1798474388334819932}
  m_Material: {fileID: 0}
  m_IsTrigger: 0
  m_Enabled: 1
  m_Radius: 0.5
  m_Height: 2
  m_Direction: 1
  m_Center: {x: 0, y: 0, z: 0}
--- !u!195 &-1212365857124265013
NavMeshAgent:
  m_ObjectHideFlags: 0
  m_CorrespondingSourceObject: {fileID: 0}
  m_PrefabInstance: {fileID: 0}
  m_PrefabAsset: {fileID: 0}
  m_GameObject: {fileID: 1798474388334819932}
  m_Enabled: 1
  m_AgentTypeID: 0
  m_Radius: 0.5
  m_Speed: 3.5
  m_Acceleration: 8
  avoidancePriority: 50
  m_AngularSpeed: 120
  m_StoppingDistance: 0
  m_AutoTraverseOffMeshLink: 1
  m_AutoBraking: 1
  m_AutoRepath: 1
  m_Height: 0.5
  m_BaseOffset: 0.63
  m_WalkableMask: 5
  m_ObstacleAvoidanceType: 4
--- !u!114 &2902343949361002550
MonoBehaviour:
  m_ObjectHideFlags: 0
  m_CorrespondingSourceObject: {fileID: 0}
  m_PrefabInstance: {fileID: 0}
  m_PrefabAsset: {fileID: 0}
  m_GameObject: {fileID: 1798474388334819932}
  m_Enabled: 1
  m_EditorHideFlags: 0
  m_Script: {fileID: 11500000, guid: 08f7acf797b32be47adb7946c1475535, type: 3}
  m_Name: 
  m_EditorClassIdentifier: 
  startinHealth: 8
  slider: {fileID: 265230754569028583}
  percentageToSpawnLife: 30
  hackerDamage: 5
  dropObject: {fileID: 4408035044863267945, guid: 348240a97bb845042a67722462830068,
    type: 3}
  speed: 10
  lifeBar: {fileID: 4574027879809692532}
  stoppingDistance: 10
  retretDistance: 7
  muzzleVelocity: 10
  startTimeBtwShots: 0.5
  distanceFromPlayer: 20
  burnDamage: 2
  burnTime: 5
  brainwashTime: 5
  brainwashCollision:
    serializedVersion: 2
    m_Bits: 256
  projectile: {fileID: -7587236779349368735, guid: 52f19ecdcc28f5a4dbce93ae2a5c5da7,
    type: 3}
  projectileEffect: {fileID: 100000, guid: 77ec3c4e07a36814fb3169ecef41b50a, type: 3}
  firePoint:
  - {fileID: 8851707464412790902}
  layer:
    serializedVersion: 2
    m_Bits: 512
--- !u!1 &6629519632182727754
GameObject:
  m_ObjectHideFlags: 0
  m_CorrespondingSourceObject: {fileID: 0}
  m_PrefabInstance: {fileID: 0}
  m_PrefabAsset: {fileID: 0}
  serializedVersion: 6
  m_Component:
  - component: {fileID: 8851707464412790902}
  m_Layer: 8
  m_Name: FirePoint
  m_TagString: Untagged
  m_Icon: {fileID: 0}
  m_NavMeshLayer: 0
  m_StaticEditorFlags: 0
  m_IsActive: 1
--- !u!224 &8851707464412790902
RectTransform:
  m_ObjectHideFlags: 0
  m_CorrespondingSourceObject: {fileID: 0}
  m_PrefabInstance: {fileID: 0}
  m_PrefabAsset: {fileID: 0}
  m_GameObject: {fileID: 6629519632182727754}
  m_LocalRotation: {x: 0, y: 0, z: 0, w: 1}
  m_LocalPosition: {x: 0, y: 0, z: 0.25}
  m_LocalScale: {x: 0.01498316, y: 0.02412718, z: 0.012370509}
  m_Children: []
  m_Father: {fileID: 6722188625148685573}
  m_RootOrder: 1
  m_LocalEulerAnglesHint: {x: 0, y: 0, z: 0}
  m_AnchorMin: {x: 0.5, y: 0.5}
  m_AnchorMax: {x: 0.5, y: 0.5}
  m_AnchoredPosition: {x: 0.03, y: -0.09}
  m_SizeDelta: {x: 100, y: 100}
  m_Pivot: {x: 0.5, y: 0.5}
--- !u!1001 &815774984267474899
PrefabInstance:
  m_ObjectHideFlags: 0
  serializedVersion: 2
  m_Modification:
    m_TransformParent: {fileID: 6722188625148685573}
    m_Modifications:
    - target: {fileID: 4152240701946173193, guid: 5df7aa79c472967498169386c18c0217,
        type: 3}
      propertyPath: m_Name
      value: PF_SliderCanvas
      objectReference: {fileID: 0}
    - target: {fileID: 4152240701946173193, guid: 5df7aa79c472967498169386c18c0217,
        type: 3}
      propertyPath: m_IsActive
      value: 1
      objectReference: {fileID: 0}
    - target: {fileID: 647532023819346996, guid: 5df7aa79c472967498169386c18c0217,
        type: 3}
      propertyPath: m_Value
      value: 1
      objectReference: {fileID: 0}
    - target: {fileID: 3961744021360104296, guid: 5df7aa79c472967498169386c18c0217,
        type: 3}
      propertyPath: m_LocalPosition.x
      value: 0
      objectReference: {fileID: 0}
    - target: {fileID: 3961744021360104296, guid: 5df7aa79c472967498169386c18c0217,
        type: 3}
      propertyPath: m_LocalPosition.y
      value: 0
      objectReference: {fileID: 0}
    - target: {fileID: 3961744021360104296, guid: 5df7aa79c472967498169386c18c0217,
        type: 3}
      propertyPath: m_LocalPosition.z
      value: 0
      objectReference: {fileID: 0}
    - target: {fileID: 3961744021360104296, guid: 5df7aa79c472967498169386c18c0217,
        type: 3}
      propertyPath: m_LocalRotation.x
      value: -0
      objectReference: {fileID: 0}
    - target: {fileID: 3961744021360104296, guid: 5df7aa79c472967498169386c18c0217,
        type: 3}
      propertyPath: m_LocalRotation.y
      value: -0
      objectReference: {fileID: 0}
    - target: {fileID: 3961744021360104296, guid: 5df7aa79c472967498169386c18c0217,
        type: 3}
      propertyPath: m_LocalRotation.z
      value: -0
      objectReference: {fileID: 0}
    - target: {fileID: 3961744021360104296, guid: 5df7aa79c472967498169386c18c0217,
        type: 3}
      propertyPath: m_LocalRotation.w
      value: 1
      objectReference: {fileID: 0}
    - target: {fileID: 3961744021360104296, guid: 5df7aa79c472967498169386c18c0217,
        type: 3}
      propertyPath: m_RootOrder
      value: 2
      objectReference: {fileID: 0}
    - target: {fileID: 3961744021360104296, guid: 5df7aa79c472967498169386c18c0217,
        type: 3}
      propertyPath: m_LocalEulerAnglesHint.x
      value: 0
      objectReference: {fileID: 0}
    - target: {fileID: 3961744021360104296, guid: 5df7aa79c472967498169386c18c0217,
        type: 3}
      propertyPath: m_LocalEulerAnglesHint.y
      value: 0
      objectReference: {fileID: 0}
    - target: {fileID: 3961744021360104296, guid: 5df7aa79c472967498169386c18c0217,
        type: 3}
      propertyPath: m_LocalEulerAnglesHint.z
      value: 0
      objectReference: {fileID: 0}
    - target: {fileID: 3961744021360104296, guid: 5df7aa79c472967498169386c18c0217,
        type: 3}
      propertyPath: m_AnchoredPosition.x
      value: 0
      objectReference: {fileID: 0}
    - target: {fileID: 3961744021360104296, guid: 5df7aa79c472967498169386c18c0217,
        type: 3}
      propertyPath: m_AnchoredPosition.y
      value: 1.4
      objectReference: {fileID: 0}
    - target: {fileID: 3961744021360104296, guid: 5df7aa79c472967498169386c18c0217,
        type: 3}
      propertyPath: m_SizeDelta.x
      value: 710
      objectReference: {fileID: 0}
    - target: {fileID: 3961744021360104296, guid: 5df7aa79c472967498169386c18c0217,
        type: 3}
      propertyPath: m_SizeDelta.y
      value: 444
      objectReference: {fileID: 0}
    - target: {fileID: 3961744021360104296, guid: 5df7aa79c472967498169386c18c0217,
        type: 3}
      propertyPath: m_AnchorMin.x
      value: 0
      objectReference: {fileID: 0}
    - target: {fileID: 3961744021360104296, guid: 5df7aa79c472967498169386c18c0217,
        type: 3}
      propertyPath: m_AnchorMin.y
      value: 0
      objectReference: {fileID: 0}
    - target: {fileID: 3961744021360104296, guid: 5df7aa79c472967498169386c18c0217,
        type: 3}
      propertyPath: m_AnchorMax.x
      value: 0
      objectReference: {fileID: 0}
    - target: {fileID: 3961744021360104296, guid: 5df7aa79c472967498169386c18c0217,
        type: 3}
      propertyPath: m_AnchorMax.y
      value: 0
      objectReference: {fileID: 0}
    - target: {fileID: 3961744021360104296, guid: 5df7aa79c472967498169386c18c0217,
        type: 3}
      propertyPath: m_Pivot.x
      value: 0.5
      objectReference: {fileID: 0}
    - target: {fileID: 3961744021360104296, guid: 5df7aa79c472967498169386c18c0217,
        type: 3}
      propertyPath: m_Pivot.y
      value: 0.5
      objectReference: {fileID: 0}
    - target: {fileID: 3758255099972129959, guid: 5df7aa79c472967498169386c18c0217,
        type: 3}
      propertyPath: m_IsActive
      value: 0
      objectReference: {fileID: 0}
    - target: {fileID: 5703552055137848830, guid: 5df7aa79c472967498169386c18c0217,
        type: 3}
      propertyPath: m_AnchorMax.x
      value: 1
      objectReference: {fileID: 0}
    - target: {fileID: 5703552055137848830, guid: 5df7aa79c472967498169386c18c0217,
        type: 3}
      propertyPath: m_AnchorMax.y
      value: 1
      objectReference: {fileID: 0}
    - target: {fileID: 497404521576437627, guid: 5df7aa79c472967498169386c18c0217,
        type: 3}
      propertyPath: m_AnchoredPosition.x
      value: 3.6
      objectReference: {fileID: 0}
    - target: {fileID: 6164103976997389289, guid: 5df7aa79c472967498169386c18c0217,
        type: 3}
      propertyPath: m_LocalScale.y
      value: 12.39
      objectReference: {fileID: 0}
    m_RemovedComponents: []
  m_SourcePrefab: {fileID: 100100000, guid: 5df7aa79c472967498169386c18c0217, type: 3}
--- !u!224 &4443018962629555387 stripped
RectTransform:
  m_CorrespondingSourceObject: {fileID: 3961744021360104296, guid: 5df7aa79c472967498169386c18c0217,
    type: 3}
  m_PrefabInstance: {fileID: 815774984267474899}
  m_PrefabAsset: {fileID: 0}
--- !u!1 &4574027879809692532 stripped
GameObject:
  m_CorrespondingSourceObject: {fileID: 3758255099972129959, guid: 5df7aa79c472967498169386c18c0217,
    type: 3}
  m_PrefabInstance: {fileID: 815774984267474899}
  m_PrefabAsset: {fileID: 0}
--- !u!114 &265230754569028583 stripped
MonoBehaviour:
  m_CorrespondingSourceObject: {fileID: 647532023819346996, guid: 5df7aa79c472967498169386c18c0217,
    type: 3}
  m_PrefabInstance: {fileID: 815774984267474899}
  m_PrefabAsset: {fileID: 0}
  m_GameObject: {fileID: 4574027879809692532}
  m_Enabled: 1
  m_EditorHideFlags: 0
  m_Script: {fileID: 11500000, guid: 67db9e8f0e2ae9c40bc1e2b64352a6b4, type: 3}
  m_Name: 
  m_EditorClassIdentifier: 
--- !u!1001 &3162139361888719303
PrefabInstance:
  m_ObjectHideFlags: 0
  serializedVersion: 2
  m_Modification:
    m_TransformParent: {fileID: 6722188625148685573}
    m_Modifications:
    - target: {fileID: -927199367670048503, guid: 1007f159a897f934ead14d8f5eff69ad,
        type: 3}
      propertyPath: m_Name
      value: CH_EnemyRanged
      objectReference: {fileID: 0}
    - target: {fileID: -927199367670048503, guid: 1007f159a897f934ead14d8f5eff69ad,
        type: 3}
      propertyPath: m_Layer
      value: 8
      objectReference: {fileID: 0}
    - target: {fileID: -4216859302048453862, guid: 1007f159a897f934ead14d8f5eff69ad,
        type: 3}
      propertyPath: m_LocalPosition.x
      value: 0.02
      objectReference: {fileID: 0}
    - target: {fileID: -4216859302048453862, guid: 1007f159a897f934ead14d8f5eff69ad,
        type: 3}
      propertyPath: m_LocalPosition.y
      value: -0.39
      objectReference: {fileID: 0}
    - target: {fileID: -4216859302048453862, guid: 1007f159a897f934ead14d8f5eff69ad,
        type: 3}
      propertyPath: m_LocalPosition.z
      value: 0
      objectReference: {fileID: 0}
    - target: {fileID: -4216859302048453862, guid: 1007f159a897f934ead14d8f5eff69ad,
        type: 3}
      propertyPath: m_LocalRotation.x
      value: 0
      objectReference: {fileID: 0}
    - target: {fileID: -4216859302048453862, guid: 1007f159a897f934ead14d8f5eff69ad,
        type: 3}
      propertyPath: m_LocalRotation.y
      value: -0.7071068
      objectReference: {fileID: 0}
    - target: {fileID: -4216859302048453862, guid: 1007f159a897f934ead14d8f5eff69ad,
        type: 3}
      propertyPath: m_LocalRotation.z
      value: 0
      objectReference: {fileID: 0}
    - target: {fileID: -4216859302048453862, guid: 1007f159a897f934ead14d8f5eff69ad,
        type: 3}
      propertyPath: m_LocalRotation.w
      value: 0.7071068
      objectReference: {fileID: 0}
    - target: {fileID: -4216859302048453862, guid: 1007f159a897f934ead14d8f5eff69ad,
        type: 3}
      propertyPath: m_RootOrder
      value: 0
      objectReference: {fileID: 0}
    - target: {fileID: -4216859302048453862, guid: 1007f159a897f934ead14d8f5eff69ad,
        type: 3}
      propertyPath: m_LocalEulerAnglesHint.x
      value: 0
      objectReference: {fileID: 0}
    - target: {fileID: -4216859302048453862, guid: 1007f159a897f934ead14d8f5eff69ad,
        type: 3}
      propertyPath: m_LocalEulerAnglesHint.y
      value: -90
      objectReference: {fileID: 0}
    - target: {fileID: -4216859302048453862, guid: 1007f159a897f934ead14d8f5eff69ad,
        type: 3}
      propertyPath: m_LocalEulerAnglesHint.z
      value: 0
      objectReference: {fileID: 0}
    - target: {fileID: -4216859302048453862, guid: 1007f159a897f934ead14d8f5eff69ad,
        type: 3}
      propertyPath: m_LocalScale.z
      value: 0.35
      objectReference: {fileID: 0}
    - target: {fileID: -4216859302048453862, guid: 1007f159a897f934ead14d8f5eff69ad,
        type: 3}
      propertyPath: m_LocalScale.x
      value: 0.35
      objectReference: {fileID: 0}
    - target: {fileID: -4216859302048453862, guid: 1007f159a897f934ead14d8f5eff69ad,
        type: 3}
      propertyPath: m_LocalScale.y
      value: 0.35
      objectReference: {fileID: 0}
    - target: {fileID: -1504981713932161579, guid: 1007f159a897f934ead14d8f5eff69ad,
        type: 3}
      propertyPath: m_Materials.Array.data[0]
      value: 
      objectReference: {fileID: 2100000, guid: b6beed22d7b8e3648a531a86c684f3db, type: 2}
    m_RemovedComponents: []
  m_SourcePrefab: {fileID: 100100000, guid: 1007f159a897f934ead14d8f5eff69ad, type: 3}
--- !u!4 &7969286874473822941 stripped
Transform:
  m_CorrespondingSourceObject: {fileID: -4216859302048453862, guid: 1007f159a897f934ead14d8f5eff69ad,
    type: 3}
  m_PrefabInstance: {fileID: 3162139361888719303}
  m_PrefabAsset: {fileID: 0}
